 Dungeon Crawl Stone Soup version 0.30-b1-5-g8e6c1be481 (webtiles) character file.

Game seed: 8696770092293974487

704 GloriousHammer the Chopper (level 7, -1/52 HPs)
             Began as a Formicid Fighter on May 5, 2023.
             Was an Initiate of Makhleb.
             Killed from afar by an orc wizard (4 damage)
             ... with a magic dart
             ... on level 5 of the Dungeon.
             The game lasted 00:08:38 (4572 turns).

GloriousHammer the Chopper (Formicid Fighter)       Turns: 4572, Time: 00:08:38

Health: -1/52      AC:  9    Str: 23    XL:     7   Next: 99%
Magic:  7/7        EV:  8    Int:  7    God:    Makhleb [......]
Gold:   227        SH: 16    Dex: 19    Spells: 6/6 levels left

rFire   . . .        a - +0 war axe
rCold   + . .        c - +0 kite shield
rNeg    . . .        b - +0 scale mail
rPois   .            (helmet unavailable)
rElec   .            (no cloak)
rCorr   .            i - +0 pair of gloves
SInv    +            s - +0 pair of boots
Will    .....        o - amulet of reflection Stlth
                     C - ring of protection from cold
HPRegen 0.28/turn    D - +6 ring of dexterity
MPRegen 0.10/turn

%: reflection
@: no status effects
A: permanent stasis, dig shafts and tunnels, antennae 3, four strong arms
a: Dig, Shaft Self, Renounce Religion


You were on level 5 of the Dungeon.
You worshipped Makhleb.
Makhleb was noncommittal.
You visited 2 branches of the dungeon, and saw 6 of its levels.

You collected 227 gold pieces.

Inventory:

Hand Weapons
 a - a +0 war axe (weapon)
 x - a +1 heavy war axe
Missiles
 k - 2 curare-tipped darts
 q - 15 poisoned darts
Armour
 b - a +0 scale mail (worn)
 c - a +0 kite shield (worn)
 i - a +0 pair of gloves (worn)
 s - a +0 pair of boots (worn)
Jewellery
 o - an amulet of reflection (around neck)
 C - a ring of protection from cold (left hand)
 D - a +6 ring of dexterity (right hand)
Wands
 t - a wand of flame (6)
Scrolls
 e - 2 scrolls of brand weapon {unknown}
 f - a scroll of silence {unknown}
 h - 6 scrolls of identify {unknown}
 l - a scroll of vulnerability {unknown}
 r - a scroll of amnesia {unknown}
 u - a scroll of magic mapping {unknown}
 v - a scroll of noise {unknown}
 w - a scroll of blinking {unknown}
 y - a scroll of enchant weapon {unknown}
Potions
 d - a potion of might
 g - a potion of curing {unknown}
 j - 2 potions of resistance {unknown}
 m - a potion of heal wounds {unknown}
 n - a potion of brilliance {unknown}
 p - a potion of degeneration {unknown}


   Skills:
 - Level 3.2 Fighting
 * Level 7.2 Axes
 - Level 3.2 Armour
 + Level 6.8 Shields


You had 6 spell levels left.
You didn't know any spells.
Your spell library contained the following spells:

 Spells                   Type           Power      Damage    Failure   Level
 Magic Dart               Conj           0%         1d3       93%         1
 Ensorcelled Hibernation  Hex/Ice        0%         N/A       98%         2
 Searing Ray              Conj           0%         2d4       98%         2
 Spider Form              Tmut/Pois      0%         N/A       100%        3
 Anguish                  Hex/Necr       0%         N/A       100%        4
 Fulminant Prism          Conj/Hex       0%         3d5       100%        4


Dungeon Overview and Level Annotations

Branches:
Dungeon (5/15)             Temple (1/1) D:5

Altars:
Ashenzari
Elyvilon
Fedhas
Kikubaaqudgha
Makhleb
Okawaru
Qazlal
Ru
Sif Muna
Trog
Uskayaw
Vehumet
Wu Jian
Zin
The Shining One

Shops:
D:1 (


Innate Abilities, Weirdness & Mutations

You cannot be hasted, slowed, berserked, paralysed or teleported.
You can dig through walls and to a lower floor.
You have a pair of large antennae on your head. (SInv)
Your four strong arms can wield two-handed weapons with a shield.


Message History

You closely miss the iguana. You block the iguana's attack.
You barely miss the iguana. The iguana bites you.
You slash the iguana!
The iguana is heavily wounded.
You block the iguana's attack. x2
You slash the iguana!
You kill the iguana!
You see here an iguana corpse.
There is a staircase to the Ecumenical Temple here.
You climb downwards.
Welcome to the Ecumenical Temple!
There is a staircase back to the Dungeon here.
Unknown command.
HP restored.
Found a burning altar of Makhleb.
There is a burning altar of Makhleb here.
Found an ancient bone altar of Kikubaaqudgha.
You open the door.
Found a glowing silver altar of Zin.
There is an open door here.
There is a burning altar of Makhleb here.
You kneel at the altar of Makhleb.
Makhleb welcomes you! As you open the door, it creaks loudly!
Found a bloodstained altar of Trog.
There is an open door here.
There is an open door here.
As you open the door, it creaks loudly!
Found a stormy altar of Qazlal.
There is an open door here.
There is an open door here.
As you open the door, it creaks loudly!
Found an iron altar of Okawaru.
There is an open door here.
There is an open door here.
You open the door.
Found a sacrificial altar of Ru.
There is an open door here.
Found a broken altar of Ashenzari.
You open the door.
Found a glowing golden altar of the Shining One.
There is an open door here.
There is an open door here.
You open the door.
Found a shimmering blue altar of Sif Muna.
There is an open door here.
There is an open door here.
You open the door.
Found a blossoming altar of Fedhas.
There is an open door here.
There is an open door here.
Done exploring.
Done exploring.
Done exploring.
Done exploring.
(D) Dungeon (T) Temple
Where to? (Enter - Temple @ (x,y), ? - help)
There is a staircase back to the Dungeon here.
You climb upwards.
Welcome back to the Dungeon!
There is a staircase to the Ecumenical Temple here.
y - a scroll labelled YMOXUA ZEIXAN
Items here: )) [ รท.
Found a stone staircase leading down.
There is a stone staircase leading down here.
Found a falchion.
You see here a +0 falchion.
Found a stone staircase leading up.
An orc comes into view. It is wielding a +0 long sword.
The orc shouts!
The orc moves out of view.
An orc is nearby!
An orc is nearby!
The orc hits you with a +0 long sword.
You hit the orc.
The orc is severely wounded.
The orc hits you but does no damage.
You hit the orc.
The orc is almost dead.
You block the orc's attack.
You hit the orc.
You kill the orc!
Makhleb accepts your kill.
Things that are here:
a +0 long sword; a +0 leather armour; an orc corpse HP restored.
You open the door.
Found a short sword.
There is an open door here.
You now have 227 gold pieces (gained 16).
Found an escape hatch in the ceiling.
You sense a monster nearby.
You sense a monster nearby.
You sense a monster nearby.
You sense a monster nearby.
Found a stone staircase leading down.
There is a stone staircase leading down here.
Found a pair of boots.
Found a stone staircase leading down.
An orc wizard and an orc come into view.
The orc wizard shouts!
The orc shouts!
There are monsters nearby!
An orc and an orc priest come into view.
The orc shouts!
The orc priest shouts!
An orc priest comes into view. It is wielding a +0 hand axe.
The orc priest shouts!
The orc wizard gestures at you while chanting.
The puff of flame hits you but does no damage.
A phantom comes into view.
You hit the orc wizard but do no damage.
The orc wizard hits you but does no damage.
The orc priest calls down the wrath of Beogh upon you.
Beogh smites you!
You barely miss the orc. You hit the orc wizard.
The orc wizard hits you but does no damage.
The orc hits you but does no damage. You block the orc priest's attack.
The orc wizard casts a spell at you.
You block puff of flame... and reflect it back!
The puff of flame hits the orc wizard!
The orc hits you but does no damage.
You closely miss the orc wizard.
The orc wizard is severely wounded.
You barely miss the orc priest. You closely miss the orc.
The orc wizard casts a spell at you. The magic dart hits you.
The orc priest hits you with a +0 club. The orc barely misses you.
You closely miss the orc wizard.
The orc wizard is severely wounded.
You closely miss the orc priest. You slash the orc!
You kill the orc!
Makhleb accepts your kill.
You barely miss the orc priest.
The orc priest calls upon Beogh to heal the orc wizard.
The orc wizard is healed somewhat.
You block the orc wizard's attack.
The orc priest hits you but does no damage.
You hit the orc wizard but do no damage.
The orc wizard is moderately wounded.
You slash the orc priest! You barely miss the orc priest.
You hit the orc but do no damage.
The orc wizard hits you with a +0 dagger.
The orc barely misses you.
The orc priest hits you but does no damage.
You block the orc priest's attack.
You slash the orc!
You kill the orc!
Makhleb accepts your kill.
You barely miss the orc priest. You barely miss the orc wizard.
You barely miss the orc priest. The orc priest hits you with a +0 club.
You block the orc wizard's attack.
The orc priest hits you with a +0 hand axe.
The orc priest closely misses you.
The orc wizard gestures at you while chanting.
You easily resist.
You block the orc priest's attack.
You closely miss the orc wizard.
The orc wizard is moderately wounded.
You slash the orc priest!
You kill the orc priest!
Makhleb accepts your kill.
You closely miss the orc priest. You block the orc wizard's attack.
You block the orc priest's attack.
You hit the orc wizard but do no damage.
The orc wizard is moderately wounded.
You slash the phantom! You closely miss the orc priest.
The orc wizard casts a spell at you. The magic dart hits you.
You block the phantom's attack. You block the orc priest's attack.
You closely miss the orc wizard.
The orc wizard is moderately wounded.
You hit the orc priest. You miss the phantom. You block the phantom's attack.
The orc priest calls upon Beogh to heal the orc wizard.
The orc wizard's wounds heal themselves!
The orc wizard hits you but does no damage.
The orc wizard hits you with a +0 dagger.
* * * LOW HITPOINT WARNING * * *
You block the phantom's attack.
The orc priest hits you with a +0 hand axe.
* * * LOW HITPOINT WARNING * * *
You hit the orc wizard.
The orc wizard is moderately wounded.
You barely miss the orc priest. You hit the phantom.
The orc wizard hits you with a +0 dagger.
* * * LOW HITPOINT WARNING * * *
You block the phantom's attack. You block the orc priest's attack.
You slash the orc priest!
You kill the orc priest!
Makhleb accepts your kill.
You closely miss the phantom. You closely miss the orc wizard.
You block the phantom's attack. You block the orc wizard's attack.
You barely miss the orc wizard.
The orc wizard is moderately wounded.
You slash the phantom! The phantom barely misses you.
The orc wizard gestures at you while chanting.
The magic dart hits you but does no damage.
You hit the orc wizard.
The orc wizard is moderately wounded.
You hit the phantom. The phantom hits you.
* * * LOW HITPOINT WARNING * * *
The orc wizard hits you with a +0 dagger.
* * * LOW HITPOINT WARNING * * *
The phantom hits you but does no damage.
The orc wizard gestures at you while chanting.
The magic dart hits you.
You die...

......))).<....#
####......###....##....#
.........>.##....##.#+##
...........##....##.#
...........##....##.#
.................##.#
.................##.#
......W).......:.# .#
......o@.........#
......)...###....# ##
..........# #....## #.
..........# ###...# #.
........... ###.## #.
............ ###..####.
.#######..... #........>
#.....##....##### #....#


You could see a phantom and an orc wizard.

Vanquished Creatures
  A centaur (D:4)
  A howler monkey (D:5)
  3 jellies (D:4)
  5 orc priests
  3 iguanas
  3 orc wizards
  4 gnolls (D:3)
  8 adders
  2 dart slugs
  15 orcs
  4 ball pythons
  3 bats
  4 endoplasms
  3 giant cockroaches
  6 goblins
  4 hobgoblins
  4 quokkas
  A frilled lizard (D:1)
  7 kobolds
  6 rats
87 creatures vanquished.

Notes
Turn   | Place    | Note
-------+----------+-------------------------------------------
     0 | D:1      | GloriousHammer the Formicid Fighter began the quest for the
                  | Orb.
     0 | D:1      | Reached XP level 1. HP: 18/18 MP: 1/1
    91 | D:1      | Reached XP level 2. HP: 16/24 MP: 2/2
   234 | D:1      | Found Noifople's Antique Weapon Shoppe.
   567 | D:1      | Reached skill level 3 in Axes
   833 | D:2      | Found a broken altar of Ashenzari.
   907 | D:2      | Reached XP level 3. HP: 21/29 MP: 3/3
  1909 | D:3      | Found a faded altar of an unknown god.
  1930 | D:3      | Reached XP level 4. HP: 35/35 MP: 4/4
  1960 | D:3      | Reached skill level 4 in Axes
  1969 | D:3      | Noticed a +0 short sword
  1970 | D:3      | Noticed a +0 short sword
  1970 | D:3      | Noticed a +0 falchion
  1970 | D:3      | Noticed a +0 dagger
  1971 | D:3      | Noticed a +0 dagger
  1971 | D:3      | Noticed a +0 spear
  2070 | D:3      | Reached XP level 5. HP: 30/41 MP: 5/5
  2487 | D:3      | Noticed a +0 falchion
  2487 | D:3      | Noticed a +0 spear
  2501 | D:3      | Found a hide-covered altar of Uskayaw.
  2601 | D:3      | Found a white marble altar of Elyvilon.
  2707 | D:4      | Found a radiant altar of Vehumet.
  2713 | D:4      | Reached skill level 5 in Axes
  2713 | D:4      | Reached skill level 5 in Shields
  2729 | D:4      | Reached XP level 6. HP: 31/47 MP: 6/6
  3174 | D:4      | Reached skill level 6 in Axes
  3177 | D:4      | Reached XP level 7. HP: 30/52 MP: 7/7
  3329 | D:4      | Identified the +9 dagger "Ampaw" {heavy, Drain rN+++ Int-5
                  | Dex+5}
  3404 | D:4      | Found an ornate altar of the Wu Jian Council.
  3906 | D:5      | Entered Level 5 of the Dungeon
  4092 | D:5      | Reached skill level 7 in Axes
  4094 | D:5      | Found a staircase to the Ecumenical Temple.
  4107 | Temple   | Entered the Ecumenical Temple
  4256 | Temple   | Became a worshipper of Makhleb the Destroyer
  4572 | D:5      | Killed from afar by an orc wizard

Illustrated notes

Levels and vault maps discovered:
D:1:      dpeg_arrival_rooms_c, layout_basic, serial_shops,
          nicolae_shop_tiny_statue_garden
D:2:      layout_basic, serial_rivers, chequers_serial_rivers_marsh,
          chequers_serial_rivers_small_3, chequers_serial_rivers_small_b,
          chequers_serial_rivers_micro_d, chequers_serial_rivers_small_a,
          basic_altar
D:3:      layout_rooms, nicolae_uskayaw_en_pointe,
          lemuel_coloured_pillars_altar, ebering_ecumenical_altar_hall
D:4:      layout_basic, mainiacjoe_overflow_catwalk, vehumet_altar_wand_db
D:5:      layout_basic, lemuel_mausoleum_altar_yredelemnul,
          minmay_temple_entry_statues_pillars
Temple:   minmay_temple_curvy_loop

Skill      XL: |  1  2  3  4  5  6  7 |
---------------+----------------------+-----
Axes           | 3 4 5 6 7 |  7.2
Shields        | 5 6 |  6.8
Fighting       | |  3.2
Armour         | |  3.2

Action                     |  1- 3 |  4- 6 |  7- 9 || total
---------------------------+-------+-------+-------++-------
  Melee: War axe           |   111 |    90 |    81 ||   282
 Armour: Scale mail        |    56 |    17 |    20 ||    93
  Dodge: Dodged            |    48 |    24 |    23 ||    95
  Block: Buckler           |    35 |       |       ||    35
         Kite shield       |     1 |    90 |    65 ||   156
         Reflection        |       |     4 |     3 ||     7
